 Dungeon Crawl Stone Soup version 0.21-a0-260-g9b2435e (webtiles) character file.

1384 sveltemanboy the Insei (level 8, -6/87 HPs)
             Began as a Demonspawn Monk on Sept 7, 2017.
             Killed from afar by Dowan (7 damage)
             ... with a stone arrow
             ... on level 5 of the Dungeon.
             The game lasted 00:11:37 (5710 turns).

sveltemanboy the Insei (Demonspawn Monk)            Turns: 5710, Time: 00:11:38

Health: -6/87      AC:  5    Str: 18    XL:     8   Next: 40%
Magic:  9/9        EV: 12    Int: 13    God:
Gold:   281        SH:  5    Dex: 17    Spells: 7/7 levels left

rFire    + . .     SeeInvis .   r - +2 hand axe (freeze)
rCold    . . .     Gourm    .   o - +0 buckler
rNeg     . . .     Faith    .   e - +0 ring mail
rPois    .         Spirit   .   (helmet restricted)
rElec    .         Reflect  .   w - +0 cloak
rCorr    .         Harm     .   (no gloves)
MR       .....                  t - +0 pair of boots
Stlth    ..........             (no amulet)
HPRegen  0.24/turn              u - ring of protection from fire
MPRegen  0.11/turn              (no ring)

@: berserking, very quick
A: antennae 2, claws 1, agile 1, deformed body, demonic guardian 1, sense
surroundings 1, spiny 2
a: no special abilities


You were on level 5 of the Dungeon.
You were not hungry.

You visited 1 branch of the dungeon, and saw 6 of its levels.

You collected 281 gold pieces.

Inventory:

Hand Weapons
 r - a +2 hand axe of freezing (weapon)
Armour
 e - a +0 ring mail (worn)
 o - a +0 buckler (worn)
 t - a +0 pair of boots (worn)
 w - a +0 cloak (worn)
Jewellery
 u - a ring of protection from fire (left claw)
Wands
 a - a wand of disintegration (8/24)
 i - a wand of polymorph (10/24)
Scrolls
 f - 5 scrolls of teleportation {unknown}
 g - 10 scrolls of identify {unknown}
 h - 3 scrolls of remove curse {unknown}
 j - a scroll of immolation {unknown}
 l - a scroll of enchant armour {unknown}
 p - a scroll of magic mapping {unknown}
 s - a scroll of fog {unknown}
 v - a scroll of noise {unknown}
Potions
 b - 3 potions of curing {unknown}
 d - a potion of haste {unknown}
 q - 2 potions of heal wounds {unknown}
 x - a potion of ambrosia {unknown}
 A - a potion of cancellation {unknown}
Comestibles
 c - 4 bread rations
 k - 2 meat rations
 n - 3 royal jellies
 z - a chunk of flesh


   Skills:
 - Level 3.0 Fighting
 - Level 3.4 Axes
 - Level 2.0 Armour
 - Level 2.6 Dodging
 - Level 1.7 Stealth
 - Level 4.0 Shields
 * Level 7.4 Unarmed Combat
 + Level 1.9 Evocations


You had 7 spell levels left.
You didn't know any spells.

Dungeon Overview and Level Annotations

Branches:
Dungeon (6/15)
 Temple: D:4-7

Altars:
Ashenzari
Gozag
Kikubaaqudgha

Annotations:
D:5 Dowan


Innate Abilities, Weirdness & Mutations

You have a pair of antennae on your head.
You have sharp fingernails.
A weak demonic guardian rushes to your aid.
You are mostly covered in sharp spines.
You are agile. (Dex +2)
Armour fits poorly on your strangely shaped body.
You passively map a small area around you.


Message History

Dowan seems overcome with grief, but rights himself reflexively soon after.
Dowan seems to find hidden reserves of power!
Dowan says, "How can I live without her?"
Dowan barely misses you.
You hit Dowan. You freeze Dowan.
Dowan is heavily wounded.
Dowan casts a spell.
Dowan blinks!
You barely miss Dowan.
Dowan is heavily wounded.
Dowan gestures at you while chanting. The shard of ice hits you!
* * * LOW HITPOINT WARNING * * *
Dowan hits you with a dagger.
* * * LOW HITPOINT WARNING * * *
A red film seems to cover your vision as you go berserk!
You feel yourself moving faster!
You feel mighty! Dowan casts a spell at you. The stone arrow hits you!
You die...

#....##.#.######.#.........#...#.
#....##.#.. ,#)#.........#...#.
#....##.#..# #.#.........#...#.
#....##.#..w, #.####.######...#.
#....##....#. #......# #####.
#....#######. #..##### #. , ,
{#..# #. #######e.# * #..())ยง@.#
* * #.######.# * * * , .. , #...
* , c..{{, ####.# * ,..., , #**
## .. ,, * ,, + #. . * , #. , ,
#. * * , * , #.


You could see Dowan.

Vanquished Creatures
  Duvessa (D:5)
  An ice beast (D:5)
  A sky beast (D:6)
  A phantom (D:5)
  2 centaurs (D:5)
  2 bullfrogs
  Blork the orc (D:5)
  2 scorpions (D:5)
  A crimson imp (D:6)
  2 hounds
  A jelly (D:5)
  An iguana (D:4)
  2 orc wizards (D:5)
  4 worker ants
  10 adders
  An ooze (D:3)
  An adder skeleton (D:3)
  A worm (D:2)
  4 dart slugs
  6 leopard geckos
  5 orcs
  2 giant cockroaches
  9 hobgoblins
  7 jackals
  8 kobolds
  9 quokkas
  A ball python (D:2)
  9 bats
  6 frilled lizards
  5 goblins
  A leopard gecko skeleton (D:6)
  12 rats
119 creatures vanquished.

Vanquished Creatures (collateral kills)
  A black bear (D:4)
  A sky beast (D:6)
  An ogre (D:4)
  A worker ant (D:6)
  A bat (D:3)
5 creatures vanquished.

Grand Total: 124 creatures vanquished

Notes
Turn   | Place    | Note
-------+----------+-------------------------------------------
     0 | D:1      | sveltemanboy the Demonspawn Monk began the quest for the Orb.
     0 | D:1      | Reached XP level 1. HP: 18/18 MP: 1/1
   196 | D:1      | Gained mutation: A weak demonic guardian rushes to your aid. [demonic ancestry]
   196 | D:1      | Reached XP level 2. HP: 21/24 MP: 2/2
   241 | D:1      | Reached skill level 1 in Armour
   712 | D:1      | Gained mutation: You have sharp fingernails. [demonic ancestry]
   712 | D:1      | Reached XP level 3. HP: 29/29 MP: 3/3
  1406 | D:2      | Reached skill level 1 in Unarmed Combat
  1696 | D:2      | Reached XP level 4. HP: 29/35 MP: 4/4
  2229 | D:2      | Reached skill level 2 in Unarmed Combat
  2968 | D:3      | Gained mutation: You are partially covered in sharp spines. [demonic ancestry]
  2968 | D:3      | Reached XP level 5. HP: 37/41 MP: 5/5
  3271 | D:3      | Found an opulent altar of Gozag.
  3340 | D:3      | Reached skill level 3 in Unarmed Combat
  3381 | D:3      | Found a shattered altar of Ashenzari.
  3672 | D:4      | Noticed an ogre
  3674 | D:4      | Reached skill level 1 in Shields
  3681 | D:4      | Killed an ogre
  3681 | D:4      | Gained mutation: You have a pair of small antennae on your head. [demonic ancestry]
  3681 | D:4      | Reached XP level 6. HP: 42/47 MP: 6/6
  3711 | D:4      | Reached skill level 4 in Unarmed Combat
  3742 | D:4      | You fall through a shaft for 2 floors!
  3742 | D:6      | Found an ancient bone altar of Kikubaaqudgha.
  3798 | D:6      | Noticed a sky beast
  3804 | D:6      | Killed a sky beast
  3808 | D:6      | Gained mutation: You have a pair of antennae on your head. [mutagenic meat]
  3809 | D:6      | Gained mutation: You are agile. (Dex +2) [mutagenic meat]
  3810 | D:6      | Gained mutation: You passively map a small area around you. [mutagenic meat]
  3813 | D:6      | Gained mutation: Armour fits poorly on your strangely shaped body. [mutagenic meat]
  3885 | D:6      | Noticed a sky beast
  3898 | D:6      | Killed a sky beast
  3975 | D:6      | Reached skill level 5 in Unarmed Combat
  3975 | D:6      | Mutation became permanent: You have a pair of small antennae on your head. [demonic ancestry]
  3975 | D:6      | Gained mutation: You have a pair of antennae on your head. [demonic ancestry]
  3975 | D:6      | Reached XP level 7. HP: 34/52 MP: 7/7
  4123 | D:5      | Entered Level 5 of the Dungeon
  4989 | D:5      | Reached skill level 6 in Unarmed Combat
  5335 | D:5      | Gained mutation: You are mostly covered in sharp spines. [demonic ancestry]
  5335 | D:5      | Reached XP level 8. HP: 42/58 MP: 8/8
  5589 | D:5      | Noticed Blork the orc
  5596 | D:5      | Killed Blork the orc
  5669 | D:5      | Noticed Duvessa
  5672 | D:5      | Reached skill level 7 in Unarmed Combat
  5672 | D:5      | Reached skill level 1 in Evocations
  5689 | D:5      | Noticed Dowan
  5707 | D:5      | Killed Duvessa
  5709 | D:5      | HP: 2/58 [Dowan/shard of ice (19)]
  5710 | D:5      | Killed from afar by Dowan

Vault maps used:
D:1:      scummos_arrival_simple_fountains, minmay_misc_feat_hallway,
          dk_noncrumbling_3, roderic_serpentine_path, minmay_misc_feat_cross,
          minmay_tromino_v4_a
D:3:      kb_forest_paths, nicolae_overflow_crystal_walls,
          nicolae_overflow_hidden_temple, cheibrodos_ashenzari_chains
D:4:      black_bear_nest_2, first_bread, nrook_uturn
D:5:      temple_doors_cd, serial_bayou_crossing, uniq_blork_the_orc,
          uniq_duvessa
D:6:      kennysheep_mini, lemuel_round_altar, kennysheep_mini_moat

Skill      XL: |  1  2  3  4  5  6  7  8 |
---------------+-------------------------+-----
Axes           | 3 |  3.4
Armour         | 1 2 |  2.0
Unarmed Combat | 1 2 3 5 6 7 |  7.4
Shields        | 1 2 3 4 |  4.0
Evocations     | 1 |  1.9
Fighting       | |  3.0
Dodging        | |  2.6
Stealth        | |  1.7

Action                   |  1- 3 |  4- 6 |  7- 9 || total
-------------------------+-------+-------+-------++-------
Melee: Hand axe          |   155 |   169 |    99 ||   423
       Punch             |       |     2 |     3 ||     5
  Use: Potion            |       |       |     1 ||     1
 Stab: Sleeping          |       |     1 |       ||     1
       Distracted        |       |     1 |     2 ||     3
  Eat: Chunk             |     3 |    13 |     6 ||    22
Armor: Ring mail         |    52 |    52 |    33 ||   137
Dodge: Dodged            |    98 |    89 |    36 ||   223
Block: Buckler           |       |       |     2 ||     2

Table legend:
 A = Spawn XP
 B = Non-spawn XP
 C = Spawn XP percentage of total XP
 D = Spawn monster count
 E = Non-spawn monster count
 F = Spawn count percentage of total count
 G = Total turns spent on level
                    A         B        C        D         E        F      G
               +---------+---------+-------+---------+---------+-------+---------
         Total |       0 |    1978 |   0.0 |       0 |     124 |   0.0 |  5710
               +---------+---------+-------+---------+---------+-------+---------
           D:1 |       0 |      52 |   0.0 |       0 |      31 |   0.0 |  1166
           D:2 |       0 |      86 |   0.0 |       0 |      28 |   0.0 |  1460
           D:3 |       0 |     110 |   0.0 |       0 |      26 |   0.0 |   922
           D:4 |       0 |     344 |   0.0 |       0 |      12 |   0.0 |  1016
           D:5 |       0 |     975 |   0.0 |       0 |      19 |   0.0 |   765
           D:6 |       0 |     411 |   0.0 |       0 |       8 |   0.0 |   381
               +---------+---------+-------+---------+---------+-------+---------
